sylranhack, neutral female sylph Ranger -- --- .-- --[---- ----- ..- |.....---...-- . |-..>..[.)...| .- |...........-- .-.|-----....%.....| -..--.--|.|........| ......||.|........| -^....-|.|---.....| |......|.| --.....| --....E.|.| |......| |.....'E..|--...---- |...|...D.|.....| |..---.--.|.--..| --^..----|...|---- |.....|---..-- --...-||....- |....--.---.. --......| -..| ---.---- --- --- sylranhack the Trailblazer Experience level: 8 Strength: 16 Dexterity: 12 Constitution: 16 Intelligence: 14 Wisdom: 14 Charisma: 8 Health: 0(53) Energy: 46(46) Def: 3 Gold: 250 Moves: 9787 Dungeon seed: 7L4SZcpT82Zf948S Game ID: sylranhack_1467727119 Your Inventory: Coins $ - 250 gold pieces Amulets y - an uncursed amulet of reflection (being worn) Weapons a - an uncursed +1 dagger (alternate weapon; not wielded) b - an uncursed +2 bow (weapon in hand) c - 46 uncursed +2 arrows (in quiver) d - 38 uncursed +0 arrows Q - a blessed +1 dagger W - a cursed -2 dagger Z - a cursed -1 dagger Armor e - an uncursed +2 cloak of displacement (being worn) h - an uncursed +0 dwarvish cloak n - an uncursed +0 dwarvish cloak r - an uncursed +0 dwarvish cloak z - an uncursed +0 dwarvish mithril-coat S - an uncursed +0 dwarvish cloak X - a cursed -3 dwarvish cloak Comestibles f - 4 uncursed cram rations m - 4 uncursed food rations o - an uncursed carrot u - a cursed sprig of wolfsbane w - an uncursed banana K - 2 uncursed cherries V - an uncursed apple Scrolls j - an uncursed scroll of remove curse L - a blessed scroll of teleportation M - an uncursed scroll of destroy armor Potions x - 2 uncursed potions of object detection T - an uncursed potion of blindness Rings p - an uncursed ring of teleport control q - an uncursed ring of conflict v - an uncursed +2 ring of protection D - an uncursed ring of poison resistance Wands g - an uncursed wand of slow monster (0:3) C - an uncursed wand of sleep (0:4) N - an uncursed wand of lightning (0:6) P - an uncursed wand of teleportation (0:7) R - an uncursed wand of magic missile (0:6) U - an uncursed wand of make invisible (0:3) Tools k - an uncursed skeleton key I - an uncursed leash J - an uncursed magic marker (0:95) O - an uncursed brass lantern (0:1092) Y - an uncursed stethoscope Gems i - an uncursed jet stone Spells and supernatural/magical abilities: Name Level Category Fail Memory W - pray for help -- divine ? -- Your skills at the end: Miscellaneous Skills wands [Basic] Weapon Skills dagger [Skilled] bow [Skilled] Spellcasting Skills Final Attributes: You were fervently aligned. You saw invisible. You had automatic searching. You had infravision. You were displaced. You were stealthy. You were protected from shape changers. You had reflection. You were unlucky. You are dead. Vanquished creatures: a ghost 2 giant mimics a dwarf king an ettin zombie a watchman a giant beetle 3 leprechauns an iron piercer an orc mummy a housecat a jaguar 3 dwarf lords a blue jelly a plains centaur 3 apes 5 human zombies a soldier ant 2 fire ants a bugbear 2 imps a baby crocodile 3 wood nymphs 2 rock moles 2 rock piercers a fog cloud 2 shriekers 3 gnome lords 3 gnomish wizards 2 kobold mummies a gray ooze 2 elf zombies 2 paper golems 4 giant ants a little dog 4 floating eyes 2 kittens 12 dwarves 2 kobold lords 3 kobold shamans 3 iguanas 3 rothes 2 rabid rats 2 centipedes 3 orc zombies 2 wererats 7 hobbits 2 acid blobs 2 large kobolds 6 geckos 2 hobgoblins 3 giant rats a brown mold a yellow mold a green mold 2 red molds 13 gnomes 8 manes 3 gnome zombies 18 jackals 8 foxes 3 kobolds 12 newts 5 goblins 10 sewer rats 14 grid bugs 9 lichens 6 kobold zombies 236 creatures vanquished. Voluntary challenges: You were vegetarian. You had followed a strict vegan diet until turn 3303. You used a wielded weapon 274 times, starting on turn 65. You did not apply a unicorn horn. You read items or engraved 2 times, starting on turn 8582. You never genocided any monsters. You never polymorphed an object. You never changed form. You completed Sokoban on turn 5936, according to the rules. You used no wishes. You never split a pudding. You wrote Elbereth's name 2 times, starting on turn 8582. You violated your moral code, losing 4 points of alignment, starting on turn 9495. Dungeon overview: The Dungeons of Doom: levels 1 to 7 Level 1 an altar to Mercury a long staircase Level 2 a jewelry store Level 3 a general store, an altar to Venus stairs to The Gnomish Mines Level 4 a general store, a fountain Level 5 many fountains Level 6 a bookstore, a fountain stairs to Sokoban Level 7 The Gnomish Mines: levels 4 to 9 Level 4 stairs to The Dungeons of Doom Level 5 Level 6 Level 7 some shops, a temple to Mars, a magic chest, some fountains Level 8 <- You were here Level 9 Sokoban: levels 2 to 5 Level 2 a magic chest Level 3 Level 4 a fountain Level 5 a magic chest stairs to The Dungeons of Doom History has recorded: On T:1 you entered the Dungeons of Doom to retrieve the Amulet of Yendor! On T:568 you reached level 2 of The Dungeons of Doom. On T:698 you advanced to experience level 2. On T:1182 you advanced to experience level 3. On T:1199 you reached level 3 of The Dungeons of Doom. On T:1219 you reached level 1 of The Gnomish Mines. On T:1625 you reached level 4 of The Dungeons of Doom. On T:1759 you reached level 5 of The Dungeons of Doom. On T:1917 you advanced to experience level 4. On T:2304 you advanced to experience level 5. On T:2393 you reached level 6 of The Dungeons of Doom. On T:2521 you reached level 7 of The Dungeons of Doom. On T:2651 you reached level 4 of Sokoban. On T:2693 you opened a magic chest. On T:3070 you reached level 3 of Sokoban. On T:3809 you reached level 2 of Sokoban. On T:4102 you advanced to experience level 6. On T:4828 you reached level 1 of Sokoban. On T:5866 you advanced to experience level 7. On T:5936 you advanced to experience level 8. On T:5936 you entered the Sokoban zoo. On T:6063 you opened a magic chest. On T:6221 you opened a magic chest. On T:7033 you opened a magic chest. On T:7489 you reached level 2 of The Gnomish Mines. On T:7732 you reached level 3 of The Gnomish Mines. On T:8415 you reached level 4 of The Gnomish Mines. On T:8594 you opened a magic chest. On T:8624 you entered the Minetown temple On T:9093 you opened a magic chest. On T:9261 you opened a magic chest. On T:9391 you opened a magic chest. On T:9392 you opened a magic chest. On T:9393 you opened a magic chest. On T:9393 you opened a magic chest. On T:9410 you opened a magic chest. On T:9604 you reached level 6 of The Gnomish Mines. On T:9702 you reached level 5 of The Gnomish Mines. Score breakdown: Gold: 250 ( 25 points) Experience: 8 levels ( 700 points) Exploration: 9 levels ( 240 points) Discoveries: 19 items ( 950 points) Variety of kills: 67 monsters ( 2000 points) Major goal: finished Sokoban ( 1000 points) Survival: died (score multiplied by 3) Total score: 14745 Latest messages: You shoot 3 arrows. The 1st arrow hits the invisible stalker! The 2nd arrow hits the invisible stalker! The 3rd arrow hits the invisible stalker! You feel more confident in your weapon skills. The arrow hits the invisible stalker! The glass golem claws you! (2x) The invisible stalker claws you! The arrow hits the invisible stalker! c - 2 uncursed +2 arrows (in quiver). You begin bashing monsters with your bow. You hit the glass golem. The invisible stalker claws you! You shoot 2 arrows. The 1st arrow hits the glass golem! The 2nd arrow hits the glass golem. The glass golem claws you! (2x) The invisible stalker claws you! You die... Final status: Goodbye sylranhack the Ranger, killed by an invisible stalker... You died in The Gnomish Mines on dungeon level 8 with 14745 points, and 250 pieces of gold, after 9787 moves. You were level 8 with a maximum of 53 hit points when you died.